 Dungeon Crawl Stone Soup version 0.28-a0-1074-g3cb2360906 (webtiles) character file.

Game seed: 5267517182503653475

58 jnfegvk the Vexing (level 3, 0/16 HPs)
             Began as a Spriggan Enchanter on Dec 9, 2021.
             Slain by a worm (9 damage)
             ... on level 2 of the Dungeon.
             The game lasted 00:02:44 (1761 turns).

jnfegvk the Vexing (Spriggan Enchanter)             Turns: 1761, Time: 00:02:44

Health: 0/16       AC:  2    Str: 12    XL:     3   Next: 75%
Magic:  9/9        EV: 17    Int: 16    God:
Gold:   75         SH:  0    Dex: 15    Spells: 2/10 levels left

rFire   . . .      SeeInvis +   a - +1 dagger
rCold   . . .      Faith    .   (shield restricted)
rNeg    . . .      Spirit   .   b - +0 robe
rPois   .          Reflect  .   (helmet restricted)
rElec   .          Harm     .   (no cloak)
rCorr   .          Rampage  .   (gloves unavailable)
Will    .....                   (boots unavailable)
Stlth   +++.......              (no amulet)
HPRegen 0.05/turn               g - +6 ring of strength
MPRegen 0.11/turn               (no ring)

@: very quick
A: very small, no large weapons, unfitting armour, see invisible, speed 3
a: no special abilities


You were on level 2 of the Dungeon.
You visited 1 branch of the dungeon, and saw 2 of its levels.

You collected 75 gold pieces.

Inventory:

Hand Weapons
 a - a +1 dagger (weapon)
Armour
 b - a +0 robe (worn)
Jewellery
 g - a +6 ring of strength (left hand)
 h - a ring of fire
Potions
 c - a potion of invisibility
 f - a potion of curing {unknown}


   Skills:
 - Level 1.1 Short Blades
 - Level 2.6 Dodging
 - Level 4.4 Stealth
 + Level 4.1 Spellcasting
 + Level 4.8 Hexes


You had 2 spell levels left.
You knew the following spells:

 Your Spells              Type           Power      Damage    Failure   Level
a - Ensorcelled Hibernat  Hex/Ice        22%        N/A       10%         2
b - Tukima's Dance        Hex            18%        N/A       7%          3
c - Dazzling Flash        Conj/Hex       22%        N/A       19%         3

Your spell library contained the following spells:

 Spells                   Type           Power      Damage    Failure   Level
 Beastly Appendage        Tmut           6%         N/A       17%         1
 Pain                     Necr           12%        1d4       17%         1
 Passwall                 Tmut/Erth      2%         N/A       26%         2
 Wereblood                Tmut           3%         N/A       26%         2
 Confusing Touch          Hex            18%        N/A       7%          3
 Spider Form              Tmut/Pois      3%         N/A       45%         3
 Swiftness                Air            3%         N/A       45%         3
 Agony                    Necr           3%         N/A       99%         5
 Excruciating Wounds      Necr           1%         N/A       99%         5


Dungeon Overview and Level Annotations

Branches:
Dungeon (2/15)

Altars:


Innate Abilities, Weirdness & Mutations

You are very small and have problems with some larger weapons.
You are too small for most types of armour.
You have supernaturally acute eyesight. (SInv)
You cover ground extremely quickly. (Speed+++)


Message History

A worm comes into view.
You hit the jackal.
You kill the jackal!
The jackal misses you.
You closely miss the jackal.
The jackal is heavily wounded.
The jackal closely misses you.
You hit the jackal.
The jackal is severely wounded.
The jackal completely misses you. The jackal barely misses you.
You closely miss the jackal.
The jackal is severely wounded.
The jackal bites you.
You hit the jackal.
You kill the jackal!
You hit the worm.
The worm is lightly wounded.
You hit the worm.
The worm is moderately wounded.
The worm bites you.
You barely miss the worm.
The worm is moderately wounded.
You hit the worm.
The worm is heavily wounded.
The worm misses you.
You hit the worm.
The worm is heavily wounded.
You barely miss the worm.
The worm is heavily wounded.
The worm misses you.
You hit the worm.
The worm is severely wounded.
You hit the worm.
The worm is almost dead.
The worm bites you.
You hit the worm.
The worm is almost dead.
The worm bites you!
Ouch! That really hurt!
You die...

.#####.......# #.#....##*##.
.#####.......# #.##.....# ##
.........^#.## #....#.#.# #
.#####.####.# #######......#.#
.#***#.#**#.###..<##.....>.#,# *
..,,,...,,..#..............#,****
###*####**###.#.†.#..........,,,,
*,##.##.##...####****
*,*#@##.#*...# * *,*#w##.#*##.#
*,*#.##.#***.#** *,,.....h,,,,.,*
*** ***#..###*,,,,,* **,,
#...,**,,,,,* *,,, ##.#,**,,,,,*
*,,* *..,,,,,,,,* *,,*
***,**********,,*


You could see a worm.

Vanquished Creatures
  A gnoll (D:1)
  An adder (D:2)
  A dart slug (D:1)
  4 ball pythons
  2 bats
  5 endoplasms
  2 giant cockroaches
  2 goblins (D:1)
  A hobgoblin (D:1)
  3 jackals (D:2)
  2 quokkas
  3 frilled lizards
  4 kobolds
  2 rats
33 creatures vanquished.

Notes
Turn   | Place    | Note
-------+----------+-------------------------------------------
     0 | D:1      | jnfegvk the Spriggan Enchanter began the quest for the Orb.
     0 | D:1      | Reached XP level 1. HP: 9/9 MP: 5/5
    27 | D:1      | Found a faded altar of an unknown god.
   335 | D:1      | Reached XP level 2. HP: 13/13 MP: 7/7
   343 | D:1      | Learned a level 2 spell: Ensorcelled Hibernation
   521 | D:1      | Reached XP level 3. HP: 16/16 MP: 3/9
   525 | D:1      | Learned a level 3 spell: Tukima's Dance
   529 | D:1      | Learned a level 3 spell: Dazzling Flash
  1761 | D:2      | Slain by a worm

Illustrated notes

Levels and vault maps discovered:
D:1:      minmay_arrival_stone_box, layout_basic,
          shapermc_ecumenical_altar_starsandcircs, grunt_decor_mini_mirrors
D:2:      layout_loops_cross, chequers_serial_rivers_micro_c

Skill      XL: |  1  2  3 |
---------------+----------+-----
Spellcasting   | 3 4 |  4.1
Hexes          | 4 |  4.8
Short Blades   | |  1.1
Dodging        | |  2.6
Stealth        | |  4.4

Action                   || total
-------------------------++-------
Melee: Dagger            ||   109
 Cast: Ensorcelled Hiber ||     7
  Use: Scroll            ||     4
 Stab: Sleeping          ||    16
Armor: Robe              ||     6
Dodge: Dodged            ||    76

Table legend: (Time is in decaauts)
 A = Elapsed time spent in this place.
 B = Non-inter-level travel time spent in this place.
 C = Inter-level travel time spent in this place.
 D = Time resting spent in this place.
 E = Time spent auto-exploring this place.
 F = Levels seen in this place.
 G = Mean time per level.
                   A        B        C        D        E       F      G
               +--------+--------+--------+--------+--------+-----+--------+
         Total |   1344 |   1315 |     29 |      0 |   1068 |   2 |  672.0 |
       Dungeon |   1344 |   1315 |     29 |      0 |   1068 |   2 |  672.0 |
               +--------+--------+--------+--------+--------+-----+--------+

Top non-repeatable levels by time:
     D:1: 680 daAuts
     D:2: 664 daAuts
